AoeStats
← Toxic_Lightning_Farts75

Lombardia

509493491Analyzed
3v3 RM · 4d ago on Sep 27, 2026· 77m 51s· 6 players
Game mode
Random Map
Map size
Normal (6 player)
Population
200
Speed
Normal
Resources
Standard
Victory
Conquest
Starting age
Dark Age
Ending age
Imperial Age
RankedLock teamsTeams togetherTeam positionsShared explorationLock speedFull tech treeHidden civsTurbo modeCheats
Victory
Defeat
🇺🇸 Armenians · United States
653
+16
🇺🇸 Britons · United States
653
+16
🇺🇸 Hindustanis · United States
633
+17
🇹🇷 Mongols · Türkiye
678
-17
🇹🇷 Teutons · Türkiye
667
-17
🇹🇷 Byzantines · Türkiye
627
-15
Morty Usman
11:12 Feudal Age
11:46 Double-Bit Axe
15:34 Loom
18:39 Castle Age
17:08 Gold Mining
23:05 Squires
23:01 Stone Mining
23:58 Husbandry
24:09 Bloodlines
25:18 Horse Collar
26:40 Wheelbarrow
26:19 Bow Saw
27:43 Ballistics
27:26 Murder Holes
29:07 Heavy Plow
31:43 Scale Barding Armor
31:40 Scale Mail Armor
31:58 Forging
32:12 Hand Cart
33:14 Gold Shaft Mining
33:19 Stone Shaft Mining
41:18 Imperial Age
38:38 Town Watch
41:38 Elite Ghulam
43:06 Thumb Ring
42:22 Crossbowman
42:51 Crossbowman
43:51 Thumb Ring
48:20 Siege Elephant
49:06 Elite Skirmisher
50:22 Conscription
50:07 Shatagni
50:32 Caravan
51:34 Conscription
51:07 Heavy Camel Rider
53:34 Chemistry
52:43 Siege Engineers
52:54 Siege Engineers
53:01 Imperial Camel Rider
63:33 Town Patrol
65:14 Grand Trunk Road
68:48 Chain Barding Armor
68:43 Chain Mail Armor
69:04 Iron Casting
68:19 Fletching
68:30 Padded Archer Armor
Toxic_Lightning_Farts75
12:04 Feudal Age
18:33 Castle Age
16:37 Double-Bit Axe
17:09 Horse Collar
17:27 Stone Mining
18:43 Gold Mining
20:43 Bow Saw
23:02 Wheelbarrow
26:20 Hand Cart
26:47 Gold Shaft Mining
25:36 Crossbowman
29:50 Imperial Age
28:12 Fletching
28:23 Padded Archer Armor
29:11 Ballistics
28:47 Murder Holes
29:29 Heavy Plow
31:28 Arbalester
32:06 Bodkin Arrow
33:23 Bracer
33:39 Leather Archer Armor
34:01 Arson
35:39 Chemistry
36:54 Elite Longbowman
37:56 Yeomen
40:16 Two-Man Saw
44:42 Ring Archer Armor
50:59 Warwolf
61:05 Husbandry
60:26 Cavalier
63:01 Onager
70:52 Capped Ram
AnarchistOwl
0:34 Loom
14:10 Feudal Age
14:45 Man-at-Arms
15:36 Arson
15:27 Long Swordsman
17:27 Wheelbarrow
17:23 Scale Mail Armor
17:34 Forging
17:29 Town Watch
18:14 Double-Bit Axe
18:19 Gold Mining
19:51 Stone Mining
25:06 Castle Age
25:45 Gambesons
25:26 Two-Handed Swordsman
30:23 Fletching
30:34 Padded Archer Armor
32:54 Hand Cart
32:43 Bodkin Arrow
33:17 Town Patrol
34:22 Leather Archer Armor
34:41 Horse Collar
35:47 Murder Holes
36:19 Ballistics
36:40 Heavy Plow
39:14 Bow Saw
42:25 Imperial Age
42:21 Gold Shaft Mining
43:07 Bracer
42:41 Elite Composite Bowman
43:42 Conscription
45:28 Chemistry
46:49 Ring Archer Armor
45:57 Capped Ram
47:31 Siege Ram
50:20 Treadmill Crane
52:29 Caravan
52:39 Guilds
52:10 Champion
54:20 Chain Mail Armor
54:41 Iron Casting
55:01 Squires
56:21 Plate Mail Armor
56:18 Pikeman
57:00 Squires
56:56 Halberdier
59:44 Blast Furnace
60:52 Masonry
62:20 Husbandry
62:31 Bloodlines
62:56 Redemption
62:41 Herbal Medicine
63:22 Theocracy
69:56 Illumination
69:46 Block Printing
70:02 Guard Tower
76:55 Spies/Treason
D
11:13 Feudal Age
11:57 Double-Bit Axe
14:04 Horse Collar
17:45 Wheelbarrow
18:49 Stone Mining
18:50 Gold Mining
18:56 Stone Mining
22:40 Castle Age
22:28 Forging
22:29 Scale Barding Armor
21:59 Man-at-Arms
23:07 Long Swordsman
23:33 Gambesons
26:51 Bow Saw
31:47 Gold Mining
33:33 Iron Casting
33:55 Chain Barding Armor
35:46 Padded Archer Armor
42:38 Ballistics
43:23 Fletching
43:51 Leather Archer Armor
44:12 Hand Cart
44:36 Elite Skirmisher
45:17 Bodkin Arrow
45:32 Thumb Ring
45:33 Crossbowman
47:17 Scale Mail Armor
47:31 Squires
49:27 Chain Mail Armor
51:58 Imperial Age
52:07 Arbalester
53:36 Ring Archer Armor
53:08 Bracer
53:17 Bracer
54:34 Heavy Camel Rider
55:20 Husbandry
55:05 Heavy Camel Rider
56:36 Plate Barding Armor
57:20 Gold Shaft Mining
56:58 Elite Cataphract
62:41 Elite Varangian Guard
75:39 Light Cavalry
LuTz
12:57 Feudal Age
13:33 Double-Bit Axe
13:39 Horse Collar
15:44 Gold Mining
17:44 Stone Mining
22:21 Castle Age
23:43 Bow Saw
24:24 Stone Shaft Mining
24:06 Forging
23:58 Scale Mail Armor
24:07 Squires
23:52 Gambesons
27:21 Chain Mail Armor
27:41 Iron Casting
27:12 Heavy Plow
28:28 Ironclad
33:35 Imperial Age
34:00 Elite Teutonic Knight
36:09 Blast Furnace
35:39 Plate Mail Armor
36:49 Crop Rotation
50:11 Padded Archer Armor
50:02 Fletching
51:10 Leather Archer Armor
51:32 Bodkin Arrow
51:27 Elite Skirmisher
51:36 Heavy Mounted Crossbowman
52:31 Scale Barding Armor
52:56 Ring Archer Armor
54:54 Chemistry
54:18 Ballistics
55:22 Chain Barding Armor
56:38 Plate Barding Armor
55:59 Arrowslits
Çerkes
13:06 Feudal Age
13:43 Double-Bit Axe
19:08 Castle Age
18:23 Stone Mining
22:48 Padded Archer Armor
22:48 Gold Mining
24:40 Bow Saw
27:57 Thumb Ring
28:18 Nomads
29:47 Leather Archer Armor
29:23 Fletching
29:37 Husbandry
31:53 Gold Shaft Mining
33:17 Bodkin Arrow
38:30 Imperial Age
36:19 Elite Skirmisher
38:53 Ballistics
39:37 Bracer
40:39 Parthian Tactics
39:57 Elite Mangudai
47:40 Conscription
49:01 Heavy Cavalry Archer
Connection lost

Rejoining the realm…

Still unreachable

The connection could not be restored.

Session expired

The server has moved on; the page needs a fresh start.